 Dungeon Crawl Stone Soup version 0.28.0 (webtiles) character file.

Game seed: 3390570830408657883

3404 vvl the Skirmisher (level 9, 0/69 HPs)
             Began as a Demonspawn Fighter on Feb 4, 2022.
             Was a Follower of Kikubaaqudgha.
             Killed from afar by an electric eel (9 damage)
             ... with a bolt of electricity
             ... on level 9 of the Dungeon.
             The game lasted 00:21:32 (10847 turns).

vvl the Skirmisher (Demonspawn Fighter)            Turns: 10847, Time: 00:21:34

Health: 0/69       AC:  7    Str: 16    XL:     9   Next: 75%
Magic:  16/16      EV: 17    Int: 15    God:    Kikubaaqudgha [*.....]
Gold:   436        SH: 10    Dex: 12    Spells: 17/17 levels left

rFire   . . .      SeeInvis .   m - +0 short sword (drain)
rCold   . . .      Faith    .   c - +0 buckler
rNeg    . . .      Spirit   .   j - +0 ring mail
rPois   +          Reflect  +   (no helmet)
rElec   .          Harm     .   (no cloak)
rCorr   .          Rampage  .   G - +0 pair of gloves
Will    .....                   (no boots)
Stlth   +.........              l - amulet of reflection
HPRegen 0.21/turn               o - +4 ring of evasion
MPRegen 0.15/turn               s - ring of poison resistance

@: no status effects
A: repulsion field 1, foul stench 2, demonic magic 1, weakness stinger 2
a: Renounce Religion, Receive Corpses


You were on level 9 of the Dungeon.
You worshipped Kikubaaqudgha.
Kikubaaqudgha was aware of your devotion.
You visited 2 branches of the dungeon, and saw 10 of its levels.
You also visited: Ossuary.

You collected 436 gold pieces.

Inventory:

Hand Weapons
 a - a +0 long sword
 d - a +2 dagger of flaming
 m - a +0 short sword of draining (weapon)
 E - a +0 whip of pain
Armour
 c - a +0 buckler (worn)
 j - a +0 ring mail (worn)
 G - a +0 pair of gloves (worn)
Jewellery
 l - an amulet of reflection (around neck)
 o - a +4 ring of evasion (left hand)
 q - a ring of positive energy
 s - a ring of poison resistance (right hand)
 B - a ring of flight
Wands
 y - a wand of acid (5)
Scrolls
 b - a scroll of brand weapon {unknown}
 e - 4 scrolls of enchant weapon {unknown}
 i - 4 scrolls of teleportation {unknown}
 k - a scroll of magic mapping {unknown}
 n - 6 scrolls of identify {unknown}
 r - a scroll of blinking {unknown}
 t - 2 scrolls of amnesia {unknown}
 u - a scroll of summoning {unknown}
 A - a scroll of torment {unknown}
Potions
 f - a potion of lignification
 p - 3 potions of flight {unknown}
 v - 3 potions of invisibility {unknown}
 x - a potion of brilliance {unknown}
 z - a potion of mutation {unknown}
 C - a potion of might
 D - a potion of heal wounds {unknown}
 F - a potion of resistance {unknown}


   Skills:
 + Level 5.9 Fighting
 - Level 2.0 Long Blades
 + Level 5.4 Armour
 - Level 4.0 Dodging
 - Level 4.0 Shields
 + Level 4.7 Spellcasting
 + Level 4.4 Conjurations
 + Level 4.8 Necromancy
 + Level 4.1 Earth Magic
 + Level 3.2 Evocations


You had 17 spell levels left.
You didn't know any spells.
Your spell library contained the following spells:

 Spells                   Type           Power      Damage    Failure   Level
 Animate Skeleton         Necr           36%        N/A       5%          1
 Sublimation of Blood     Necr           18%        N/A       9%          2
 Corpse Rot               Necr/Air       20%        N/A       22%         2
 Conjure Flame            Conj/Fire      10%        6-21      43%         3
 Ignite Poison            Fire/Tmut/Pois 3%         N/A       75%         3
 Inner Flame              Hex/Fire       3%         N/A       75%         3
 Agony                    Necr           18%        N/A       83%         5
 Sticky Flame             Conj/Fire      10%        2d3       85%         4
 Cause Fear               Hex            1%         N/A       98%         4
 Discord                  Hex            1%         N/A       100%        8


Dungeon Overview and Level Annotations

Branches:
Dungeon (9/15)             Temple (1/1) D:4         Ossuary (visited)
   Lair: D:8-11         Orc: D:9-12

Altars:
Ashenzari
Cheibriados
Dithmenos
Elyvilon
Fedhas
Gozag
Hepliaklqana
Kikubaaqudgha
Makhleb
Nemelex Xobeh
Okawaru
Qazlal
Ru
Sif Muna
Trog
Uskayaw
Vehumet
Wu Jian
Xom
Yredelemnul
Zin
The Shining One

Shops:
D:5 *   D:6 *


Innate Abilities, Weirdness & Mutations

You are surrounded by a mild repulsion field. (EV +2)
You sometimes emit foul miasma when damaged in melee.
Spells you cast may paralyse adjacent enemies.
You have a tail ending in a sharp stinger.


Message History

The electric eel shoots out a bolt of lightning at you!
The bolt of electricity hits you!
The electric eel shoots out a bolt of lightning at you!
The bolt of electricity hits you!
You miss the electric eel.
The electric eel shoots out a bolt of lightning at you!
The bolt of electricity hits you!
The electric eel shoots out a bolt of lightning at you!
The bolt of electricity hits you!
You puncture the electric eel! You drain the electric eel.
The electric eel is heavily wounded.
The electric eel shoots out a bolt of lightning at you!
The bolt of electricity hits you.
You barely miss the electric eel.
The electric eel is heavily wounded.
The electric eel shoots out a bolt of lightning at you!
The bolt of electricity misses you.
The electric eel shoots out a bolt of lightning at you!
The bolt of electricity hits you!
* * * LOW HITPOINT WARNING * * *
You hit the electric eel. You drain the electric eel.
You tail-slap the electric eel, but do no damage.
The electric eel is almost dead.
The electric eel shoots out a bolt of lightning at you!
The bolt of electricity hits you!
* * * LOW HITPOINT WARNING * * *
You feel better.
You miss the electric eel.
Your tail-slap misses the electric eel.
The electric eel is almost dead.
The electric eel shoots out a bolt of lightning at you!
The bolt of electricity hits you!
* * * LOW HITPOINT WARNING * * *
You hit the electric eel.
You kill the electric eel!
Kikubaaqudgha accepts your kill.
You hear a splash.
The electric eel shoots out a bolt of lightning at you!
The bolt of electricity hits you!
You die...
Kikubaaqudgha rasps: "You have failed me!
Welcome... death!"

.≈≈ #
.≈≈#####################'
.≈≈≈≈≈≈≈≈≈≈≈≈≈≈≈≈≈≈≈≈≈≈≈≈
.≈≈≈≈≈S≈≈≈≈≈≈≈≈≈≈≈≈≈≈≈≈≈≈
#...........@..........o.....
#.....................#######
#............................
#............................
#..#########..#############..
#..# #<.# #..# #..# .
#..#########..#############..
#............................


You could see an electric eel.

Vanquished Creatures
  A two-headed ogre (D:9)
  Prince Ribbit (D:8)
  A hornet (D:7)
  A water moccasin (D:8)
  Duvessa (D:4)
  2 orc warriors
  A sky beast (D:7)
  An ice beast (D:7)
  An ogre (D:4)
  4 scorpions
  A wyvern skeleton (D:5)
  5 water moccasin zombies (Ossuary)
  A water moccasin skeleton (D:6)
  Dowan (D:4)
  3 wights (D:7)
  An electric eel (D:9)
  3 jellies
  2 hounds (D:5)
  2 orc priests
  A bullfrog skeleton (D:5)
  A gnoll shaman (D:5)
  8 orc wizards
  Natasha (thrice) (D:2)
  4 iguanas
  Terence (D:3)
  A hound skeleton (D:4)
  3 mummies
  6 gnolls
  A howler monkey skeleton (D:6)
  6 adders
  A shadow imp (D:5)
  A white imp (D:7)
  An ufetubus (D:4)
  6 adder zombies
  An adder skeleton (D:4)
  5 dart slugs
  A worm (D:2)
  22 orcs
  2 bats
  3 endoplasms
  3 giant cockroaches
  5 goblins
  8 hobgoblins
  7 kobolds
  4 quokkas
  5 ball pythons
  2 frilled lizards
  8 gnoll zombies (Ossuary)
  4 hobgoblin zombies (Ossuary)
  5 kobold zombies (Ossuary)
  5 orc zombies (Ossuary)
  A rat (D:3)
168 creatures vanquished.

Vanquished Creatures (others)
  2 orc wizards (D:4)
  2 demonic plants (D:2)
  4 toadstools (D:3)
8 creatures vanquished.

Grand Total: 176 creatures vanquished

Notes
Turn   | Place    | Note
-------+----------+-------------------------------------------
     0 | D:1      | vvl the Demonspawn Fighter began the quest for the Orb.
     0 | D:1      | Reached XP level 1. HP: 18/18 MP: 1/1
   283 | D:1      | Gained mutation: You may rarely emit foul miasma when
                  | damaged in melee. [demonic ancestry]
   283 | D:1      | Reached XP level 2. HP: 24/24 MP: 2/2
  1048 | D:2      | Gained mutation: You sometimes emit foul miasma when
                  | damaged in melee. [demonic ancestry]
  1048 | D:2      | Reached XP level 3. HP: 29/29 MP: 4/4
  1071 | D:2      | Noticed Natasha
  1084 | D:2      | Killed Natasha
  1085 | D:2      | Reached skill level 1 in Dodging
  1085 | D:2      | Reached skill level 1 in Spellcasting
  1352 | D:2      | Gained mutation: You are surrounded by a mild repulsion
                  | field. (EV +2) [demonic ancestry]
  1352 | D:2      | Reached XP level 4. HP: 35/35 MP: 5/5
  1353 | D:2      | Noticed Natasha
  1358 | D:2      | Killed Natasha
  1400 | D:2      | Noticed Natasha
  1410 | D:2      | Killed Natasha
  1785 | D:2      | Found a faded altar of an unknown god.
  1785 | D:2      | Noticed a blizzard demon
  1982 | D:2      | Gained mutation: Spells you cast may paralyse adjacent
                  | enemies. [demonic ancestry]
  1982 | D:2      | Reached XP level 5. HP: 29/41 MP: 7/7
  2533 | D:3      | Noticed Terence
  2546 | D:3      | Killed Terence
  3237 | D:4      | Noticed an ogre
  3240 | D:4      | Noticed Duvessa
  3254 | D:4      | Killed an ogre
  3254 | D:4      | Noticed Dowan
  3255 | D:4      | Gained mutation: You have a small tail. [demonic ancestry]
  3255 | D:4      | Reached XP level 6. HP: 34/48 MP: 9/9
  3258 | D:4      | Reached skill level 1 in Necromancy
  3265 | D:4      | Killed Duvessa
  3266 | D:4      | Reached skill level 1 in Conjurations
  3266 | D:4      | Reached skill level 1 in Earth Magic
  3293 | D:4      | HP: 2/48 [Dowan (3)]
  3305 | D:4      | Killed Dowan
  3306 | D:4      | Gained mutation: You have a tail ending in a sharp stinger.
                  | [demonic ancestry]
  3306 | D:4      | Reached XP level 7. HP: 46/54 MP: 10/10
  3615 | D:4      | Found a sand-covered staircase.
  3632 | Ossuary  | Entered an ossuary
  5297 | D:4      | Reached XP level 8. HP: 57/61 MP: 12/12
  5526 | D:4      | Found a staircase to the Ecumenical Temple.
  6165 | Temple   | Entered the Ecumenical Temple
  6326 | Temple   | Became a worshipper of Kikubaaqudgha
  6368 | D:5      | Entered Level 5 of the Dungeon
  6613 | D:5      | Found Ibik's Lightly-Used Armoury.
  6649 | D:5      | Reached skill level 1 in Evocations
  7204 | D:6      | Found Ranuriw's Assorted Antiques.
  7492 | D:6      | Found an ornate altar of the Wu Jian Council.
  7561 | D:6      | Reached skill level 5 in Fighting
  7680 | D:6      | Reached * piety under Kikubaaqudgha
  7680 | D:6      | Received a gift from Kikubaaqudgha
  8802 | D:7      | Reached XP level 9. HP: 35/68 MP: 14/14
  9319 | D:7      | Paralysed by a hornet for 3 turns
  9329 | D:7      | Reached skill level 5 in Armour
  9686 | D:8      | Noticed Prince Ribbit
  9698 | D:8      | Killed Prince Ribbit
 10376 | D:9      | Noticed a two-headed ogre
 10393 | D:9      | Killed a two-headed ogre
 10477 | D:9      | HP: 1/69 [orc warrior (15)]
 10847 | D:9      | Killed from afar by an electric eel

Illustrated notes

Levels and vault maps discovered:
D:1:      saegor_arrival_under_anarchy, layout_loops_ring, supply_closet_lemuel,
          nrook_loot_triangle
D:2:      layout_loops_ring, dreamdust_ecumenical_altar_sealed_demon,
          uniq_natasha
D:3:      minmay_spotlight, layout_loops_cross, minmay_gold_behind_fungi,
          serial_bayou_crossing, uniq_terence
D:4:      nicolae_BIG_FREAKIN_CUBE, layout_loops_corners,
          minmay_temple_entry_hall, gup_ossuary_entry_pyramid, uniq_duvessa
D:5:      layout_cave_pools, minmay_shop_damaged, minmay_misc_feat_five
D:6:      layout_loops_ring, mainiacjoe_overflow_alcove_2, serial_shops,
          nicolae_shop_stone, kennysheep_cross_bottleneck
D:7:      layout_rooms
D:8:      layout_basic, lair_entry_dummy, uniq_psyche, uniq_prince_ribbit1
D:9:      layout_long_grid, erik_orc_2, enter_bailey_3
Temple:   kilobyte_greek_temple

Skill      XL: |  1  2  3  4  5  6  7  8  9 |
---------------+----------------------------+-----
Long Blades    | 2 |  2.0
Armour         | 3 4 5 |  5.4
Dodging        | 1 2 3 4 |  4.0
Shields        | 3 4 |  4.0
Spellcasting   | 1 2 3 4 |  4.7
Fighting       | 4 5 |  5.9
Necromancy     | 1 2 3 4 |  4.8
Conjurations   | 1 2 3 4 |  4.4
Earth Magic    | 1 2 3 4 |  4.1
Evocations     | 1 3 |  3.2

Action                   |  1- 3 |  4- 6 |  7- 9 || total
-------------------------+-------+-------+-------++-------
Melee: Long sword        |    94 |    30 |       ||   124
       Short sword       |     3 |   105 |   710 ||   818
       Tailslap          |       |     5 |   116 ||   121
       Dagger            |       |       |    35 ||    35
       Whip              |       |       |     9 ||     9
Evoke: Wand              |       |       |     1 ||     1
  Use: Potion            |       |     5 |     7 ||    12
 Stab: Distracted        |       |     1 |       ||     1
Armor: Scale mail        |    49 |       |       ||    49
       Ring mail         |     1 |    20 |   111 ||   132
       Skin              |       |       |     9 ||     9
Dodge: Dodged            |    54 |    53 |   381 ||   488
Block: Buckler           |    19 |    53 |   321 ||   393
       Reflection        |       |       |     1 ||     1
